TOP OF THE 1ST |
Bloomington Longnecks batting - Pitching for Santa Barbara Golden Cranes : RHP António Marés
|
Pitching: RHP António Marés
|
|
Batting: LHB Henk van Aardschot
|
0-0: Ball 1-0: Called Strike 1-1: Called Strike 1-2: Ball 2-2: Ball 3-2: Base on Balls
|
Batting: RHB Bastiaan Pieterse
|
0-0: Ball 1-0: Swinging Strike 1-1: Foul Ball, location: 2F 1-2: Strikes out swinging
|
Batting: SHB Benedict Patel
|
0-0: Foul Ball, location: 2F 0-1: Called Strike Henk van Aardschot is caught stealing 2nd base 0-2: Strikes out swinging
|
Top of the 1st over - 0 runs, 0 hits, 0 errors, 0 left on base; Bloomington 0 - Santa Barbara 0 |
BOTTOM OF THE 1ST |
Santa Barbara Golden Cranes batting - Pitching for Bloomington Longnecks : RHP David Torres
|
Pitching: RHP David Torres
|
|
Batting: LHB Tom Haymon
|
0-0: Ball 1-0: Foul Ball, location: 2F 1-1: Ball 2-1: Foul Ball, location: 2F 2-2: Ball 3-2: Ground out U3 (Groundball, 3)
|
Batting: LHB Su-wu Xiao
|
0-0: Called Strike 0-1: Swinging Strike 0-2: Ball 1-2: Ball 2-2: Ball 3-2: Base on Balls
|
Batting: RHB James Pike
|
0-0: Ball 1-0: Swinging Strike 1-1: Swinging Strike 1-2: Ball 2-2: Ball 3-2: Strikes out swinging Su-wu Xiao steals 2nd base Batter strikes out.
|
Batting: LHB Jin-song Seah
|
0-0: Ball 1-0: Ball 2-0: SINGLE (Flyball, 7S) Su-wu Xiao to third Runner from 3rd tries for Home, SAFE, no throw
|
Batting: RHB Hank Scorpio
|
0-0: Ball Jin-song Seah steals 2nd base 1-0: Called Strike 1-1: 2-RUN HOME RUN (Flyball, 7D), Distance : 375 ft
|
Batting: RHB Ed St. James
|
0-0: Swinging Strike 0-1: Fly out, F8 (Flyball, 8RD)
|
Bottom of the 1st over - 3 runs, 2 hits, 0 errors, 0 left on base; Bloomington 0 - Santa Barbara 3 |
TOP OF THE 2ND |
Bloomington Longnecks batting - Pitching for Santa Barbara Golden Cranes : RHP António Marés
|
Batting: RHB Miguel Elías
|
0-0: Called Strike 0-1: Called Strike 0-2: Ball 1-2: Ball 2-2: Ball 3-2: Foul Ball, location: 2F 3-2: SINGLE (Flyball, 8RS)
|
Batting: RHB Sébastien Bernard
|
0-0: Fly out, F9 (Line Drive, 89D)
|
Batting: RHB Fletcher Megarity
|
0-0: Fly out, F2 (Popup, 2LF)
|
Batting: LHB Richello Mabait
|
0-0: Ball 1-0: Foul Ball, location: 2F 1-1: Foul Ball, location: 2F 1-2: Ball 2-2: SINGLE (Line Drive, 7LS) Miguel Elías to second Miguel Elías to third
|
Batting: RHB Lev Migranov
|
0-0: Foul Ball, location: 2F 0-1: Foul Ball, location: 2F 0-2: Ball 1-2: Fly out, F8 (Flyball, 8RXD)
|
Top of the 2nd over - 0 runs, 2 hits, 0 errors, 2 left on base; Bloomington 0 - Santa Barbara 3 |
BOTTOM OF THE 2ND |
Santa Barbara Golden Cranes batting - Pitching for Bloomington Longnecks : RHP David Torres
|
Batting: RHB Gerardo Vázquez
|
0-0: Called Strike 0-1: Ball 1-1: Ball 2-1: Ground out 1-3 (Groundball, 15S)
|
Batting: RHB Logan Manning
|
0-0: Ball 1-0: Ground out 1-3 (Groundball, 13S)
|
Batting: RHB Rocky Zolman
|
0-0: Ball 1-0: Ground out 5-3 (Groundball, 56S)
|
Bottom of the 2nd over - 0 runs, 0 hits, 0 errors, 0 left on base; Bloomington 0 - Santa Barbara 3 |
TOP OF THE 3RD |
Bloomington Longnecks batting - Pitching for Santa Barbara Golden Cranes : RHP António Marés
|
Batting: RHB Eun-bum Kim
|
0-0: Ball 1-0: Ball 2-0: Ball 3-0: Base on Balls
|
Batting: LHB Henk van Aardschot
|
0-0: Called Strike 0-1: SINGLE (Line Drive, 89S) Eun-bum Kim to second
|
Batting: RHB Bastiaan Pieterse
|
0-0: Ball 1-0: Called Strike 1-1: Swinging Strike 1-2: Strikes out swinging
|
Batting: SHB Benedict Patel
|
0-0: Called Strike Eun-bum Kim steals 3rd base Henk van Aardschot to second 0-1: Ball 1-1: Ball 2-1: SINGLE (Line Drive, 8LS) Eun-bum Kim scores Henk van Aardschot to third Runner from 3rd tries for Home, SAFE, no throw
|
Batting: RHB Miguel Elías
|
0-0: Ball Benedict Patel is caught stealing 2nd base 1-0: Ball 2-0: Called Strike 2-1: Foul Ball, location: 2F 2-2: Strikes out swinging
|
Top of the 3rd over - 2 runs, 2 hits, 0 errors, 0 left on base; Bloomington 2 - Santa Barbara 3 |
BOTTOM OF THE 3RD |
Santa Barbara Golden Cranes batting - Pitching for Bloomington Longnecks : RHP David Torres
|
Batting: LHB Tom Haymon
|
0-0: Called Strike 0-1: DOUBLE (Line Drive, 8RD)
|
Batting: LHB Su-wu Xiao
|
0-0: Ball 1-0: Ball 2-0: SINGLE (Groundball, 23) (infield hit) Tom Haymon to third
|
Batting: RHB James Pike
|
0-0: Called Strike 0-1: Ball 1-1: Ball 2-1: Foul Ball, location: 2F 2-2: Fielders Choice at 2nd, 1-6 (Groundball, 13S)
|
Batting: LHB Jin-song Seah
|
0-0: Ball 1-0: Called Strike 1-1: Called Strike 1-2: DOUBLE (Groundball, 3L) Tom Haymon scores James Pike to third
|
Batting: RHB Hank Scorpio
|
0-0: Ball 1-0: DOUBLE (Flyball, 8RXD) James Pike scores Jin-song Seah scores
|
Batting: RHB Ed St. James
|
0-0: Called Strike 0-1: Foul Ball, location: 2F 0-2: Foul Ball, location: 2F 0-2: 2-RUN HOME RUN (Flyball, 8RXD), Distance : 432 ft
|
Batting: RHB Gerardo Vázquez
|
0-0: SOLO HOME RUN (Flyball, 7D), Distance : 374 ft
|
Batting: RHB Logan Manning
|
0-0: SINGLE (Groundball, 56D)
|
Batting: RHB Rocky Zolman
|
0-0: Called Strike 0-1: Swinging Strike 0-2: Ball 1-2: Foul Ball, location: 2F 1-2: Fielders Choice at 2nd, 1-6 (Groundball, 13)
|
Batting: LHB Tom Haymon
|
0-0: Called Strike 0-1: Foul Ball, location: 2F 0-2: Fly out, F8 (Flyball, 8LD)
|
Bottom of the 3rd over - 6 runs, 7 hits, 0 errors, 1 left on base; Bloomington 2 - Santa Barbara 9 |
TOP OF THE 4TH |
Bloomington Longnecks batting - Pitching for Santa Barbara Golden Cranes : RHP António Marés
|
Batting: RHB Sébastien Bernard
|
0-0: Fly out, F7 (Flyball, 7D)
|
Batting: RHB Fletcher Megarity
|
0-0: Called Strike 0-1: Ball 1-1: Swinging Strike 1-2: SINGLE (Groundball, 3) (infield hit)
|
Batting: LHB Richello Mabait
|
0-0: Called Strike Fletcher Megarity is caught stealing 2nd base 0-1: Ball 1-1: Called Strike 1-2: Strikes out swinging, 2-3 out at first.
|
Top of the 4th over - 0 runs, 1 hit, 0 errors, 0 left on base; Bloomington 2 - Santa Barbara 9 |
BOTTOM OF THE 4TH |
Santa Barbara Golden Cranes batting - Pitching for Bloomington Longnecks : RHP David Torres
|
Batting: LHB Su-wu Xiao
|
0-0: Called Strike 0-1: SINGLE (Line Drive, 4MD)
|
Batting: RHB James Pike
|
0-0: Ball 1-0: Ball 2-0: Foul Ball, location: 2F 2-1: Foul Ball, location: 2F 2-2: Ground out 5-3 (Groundball, 2L) Su-wu Xiao to second
|
Batting: LHB Jin-song Seah
|
0-0: Ball 1-0: Called Strike 1-1: Ball 2-1: Ball 3-1: Base on Balls
|
Batting: RHB Hank Scorpio
|
0-0: Fly out, F7 (Flyball, 7LS)
|
Now in LF: Stephen Chávez
|
|
Batting: RHB Ed St. James
|
0-0: Called Strike 0-1: Swinging Strike 0-2: Ball 1-2: Foul Ball, location: 2F 1-2: Ball 2-2: Strikes out swinging
|
Bottom of the 4th over - 0 runs, 1 hit, 0 errors, 2 left on base; Bloomington 2 - Santa Barbara 9 |
TOP OF THE 5TH |
Bloomington Longnecks batting - Pitching for Santa Barbara Golden Cranes : RHP António Marés
|
Batting: RHB Stephen Chávez
|
0-0: Swinging Strike 0-1: Ball 1-1: Ball 2-1: Ground out 5-3 (Groundball, 56S)
|
Batting: RHB Eun-bum Kim
|
0-0: Called Strike 0-1: Ball 1-1: Foul Ball, location: 2F 1-2: Foul Ball, location: 2F 1-2: Strikes out looking
|
Batting: LHB Henk van Aardschot
|
0-0: SINGLE (Line Drive, 6D)
|
Batting: RHB Bastiaan Pieterse
|
0-0: Ball 1-0: Fielders Choice at 2nd, 6-4 (Groundball, 6)
|
Top of the 5th over - 0 runs, 1 hit, 0 errors, 1 left on base; Bloomington 2 - Santa Barbara 9 |
BOTTOM OF THE 5TH |
Santa Barbara Golden Cranes batting - Pitching for Bloomington Longnecks : RHP David Torres
|
Batting: RHB Gerardo Vázquez
|
0-0: Foul Ball, location: 2F 0-1: Ground out 5-3 (Groundball, 56)
|
Batting: RHB Logan Manning
|
0-0: Called Strike 0-1: Foul Ball, location: 2F 0-2: Foul Ball, location: 2F 0-2: Foul Ball, location: 2F 0-2: Ball 1-2: Ball 2-2: Fly out, F2 (Popup, 2L)
|
Pitching: RHP Jami Haakana
|
|
Batting: RHB Rocky Zolman
|
0-0: Ground out U3 (Groundball, 3)
|
Bottom of the 5th over - 0 runs, 0 hits, 0 errors, 0 left on base; Bloomington 2 - Santa Barbara 9 |
TOP OF THE 6TH |
Bloomington Longnecks batting - Pitching for Santa Barbara Golden Cranes : RHP António Marés
|
Batting: SHB Benedict Patel
|
0-0: Ball 1-0: Ball 2-0: Foul Ball, location: 2F 2-1: Ball 3-1: Called Strike 3-2: Foul Ball, location: 2F 3-2: SINGLE (Groundball, 34D)
|
Batting: RHB Miguel Elías
|
0-0: Ball Benedict Patel steals 2nd base 1-0: Ball 2-0: Called Strike 2-1: Ball 3-1: Fly out, F7 (Line Drive, 7)
|
Batting: RHB Sébastien Bernard
|
0-0: Ball Benedict Patel steals 3rd base 1-0: Ball 2-0: Ball 3-0: Called Strike 3-1: Foul Ball, location: 2F 3-2: SINGLE (Groundball, 15S) (infield hit)
|
Batting: RHB Fletcher Megarity
|
0-0: Ball Sébastien Bernard steals 2nd base 1-0: Called Strike 1-1: Ball 2-1: Ball 3-1: Foul Ball, location: 2F 3-2: Foul Ball, location: 2F 3-2: Strikes out looking
|
Batting: LHB Richello Mabait
|
0-0: Ball 1-0: Ball 2-0: Called Strike 2-1: Foul Ball, location: 2F 2-2: Strikes out swinging
|
Top of the 6th over - 0 runs, 2 hits, 0 errors, 2 left on base; Bloomington 2 - Santa Barbara 9 |
BOTTOM OF THE 6TH |
Santa Barbara Golden Cranes batting - Pitching for Bloomington Longnecks : RHP Jami Haakana
|
Batting: LHB Tom Haymon
|
0-0: Ball 1-0: Ball 2-0: Ball 3-0: Base on Balls
|
Batting: LHB Su-wu Xiao
|
0-0: Ball 1-0: SINGLE (Line Drive, 9LM) Tom Haymon to second
|
Batting: RHB James Pike
|
0-0: Swinging Strike 0-1: Ball 1-1: Ball 2-1: Swinging Strike 2-2: Fielders Choice at 2nd, 3-6 (Groundball, 3) Tom Haymon to third
|
Batting: LHB Jin-song Seah
|
0-0: Ball 1-0: Fly out, F7 (Line Drive, 78M) Runner from 3rd tags up, SCORES, no throw
|
Now at 1B: Ángelo Corona
|
|
Batting: RHB Hank Scorpio
|
0-0: Called Strike 0-1: Foul Ball, location: 2F 0-2: Ball 1-2: Ball James Pike steals 2nd base 2-2: Foul Ball, location: 2F 2-2: Ball 3-2: Fly out, F7 (Flyball, 78M)
|
Bottom of the 6th over - 1 run, 1 hit, 0 errors, 1 left on base; Bloomington 2 - Santa Barbara 10 |
TOP OF THE 7TH |
Bloomington Longnecks batting - Pitching for Santa Barbara Golden Cranes : RHP António Marés
|
Batting: LHB Ángelo Corona
|
0-0: Called Strike 0-1: Ball 1-1: Ball 2-1: Ball 3-1: DOUBLE (Line Drive, 9LD)
|
Batting: RHB Eun-bum Kim
|
0-0: Called Strike 0-1: Ball 1-1: Called Strike 1-2: Ball 2-2: Strikes out swinging
|
Batting: LHB Henk van Aardschot
|
0-0: Ball 1-0: Foul Ball, location: 2F 1-1: Ball 2-1: Foul Ball, location: 2F 2-2: Foul Ball, location: 2F 2-2: SINGLE (Flyball, 9S) Ángelo Corona to third Runner from 3rd tries for Home, SAFE, throw made home Henk van Aardschot to second
|
Batting: RHB Bastiaan Pieterse
|
0-0: Called Strike 0-1: Ball 1-1: Ball 2-1: Ball 3-1: Foul Ball, location: 2F 3-2: Foul Ball, location: 2F 3-2: Fly out, F6 (Line Drive, 6) Lined into DP, 6-4 (Line Drive, 6)
|
Top of the 7th over - 1 run, 2 hits, 0 errors, 0 left on base; Bloomington 3 - Santa Barbara 10 |
BOTTOM OF THE 7TH |
Santa Barbara Golden Cranes batting - Pitching for Bloomington Longnecks : RHP Jami Haakana
|
Batting: RHB Ed St. James
|
0-0: Called Strike 0-1: Ball 1-1: Ball 2-1: Swinging Strike 2-2: SINGLE (Groundball, 56D)
|
Batting: RHB Gerardo Vázquez
|
0-0: Ball 1-0: Ball 2-0: Fly out, F9 (Flyball, 9D)
|
Batting: RHB Logan Manning
|
0-0: Foul Ball, location: 2F 0-1: Ball 1-1: Called Strike 1-2: Foul Ball, location: 2F 1-2: Foul Ball, location: 2F 1-2: Ball 2-2: Ball 3-2: Grounds into double play, 4-6-3 (Groundball, 4)
|
Bottom of the 7th over - 0 runs, 1 hit, 0 errors, 0 left on base; Bloomington 3 - Santa Barbara 10 |
TOP OF THE 8TH |
Bloomington Longnecks batting - Pitching for Santa Barbara Golden Cranes : RHP António Marés
|
Pitching: LHP Nick Riviera
|
|
Now at C: Adrian Rodgers
|
|
Batting: SHB Benedict Patel
|
0-0: Fly out, F9 (Flyball, 89S)
|
Batting: RHB Miguel Elías
|
0-0: Ball 1-0: Foul Ball, location: 2F 1-1: Ball 2-1: SOLO HOME RUN (Flyball, 7D), Distance : 376 ft
|
Batting: RHB Sébastien Bernard
|
0-0: Called Strike 0-1: Fly out, F8 (Flyball, 8LD)
|
Batting: RHB Fletcher Megarity
|
0-0: Ball 1-0: Reached on error, E4 (Groundball, 4)
|
Batting: LHB Richello Mabait
|
0-0: Called Strike 0-1: Ball Wild Pitch! Fletcher Megarity to second 1-1: Ball 2-1: Ball 3-1: Base on Balls
|
Batting: LHB Ángelo Corona
|
0-0: Fly out, F9 (Flyball, 9LSF)
|
Top of the 8th over - 1 run, 1 hit, 1 error, 2 left on base; Bloomington 4 - Santa Barbara 10 |
BOTTOM OF THE 8TH |
Santa Barbara Golden Cranes batting - Pitching for Bloomington Longnecks : RHP Jami Haakana
|
Batting: RHB Rocky Zolman
|
0-0: Called Strike 0-1: SINGLE (Groundball, 6MD)
|
Batting: LHB Tom Haymon
|
0-0: Called Strike 0-1: Called Strike 0-2: Foul Ball, location: 2F 0-2: Fly out, F8 (Flyball, 8LS)
|
Batting: LHB Su-wu Xiao
|
0-0: Ball 1-0: Foul Ball, location: 2F 1-1: Ground out 6-3 (Groundball, 6S) Rocky Zolman to second
|
Batting: RHB James Pike
|
0-0: Foul Ball, location: 2F 0-1: Ball 1-1: Ball 2-1: Swinging Strike 2-2: Foul Ball, location: 2F 2-2: Foul Ball, location: 2F 2-2: Ball 3-2: Strikes out swinging
|
Bottom of the 8th over - 0 runs, 1 hit, 0 errors, 1 left on base; Bloomington 4 - Santa Barbara 10 |
TOP OF THE 9TH |
Bloomington Longnecks batting - Pitching for Santa Barbara Golden Cranes : LHP Nick Riviera
|
Now in RF: Christian Turner
|
|
Batting: RHB Eun-bum Kim
|
0-0: Called Strike 0-1: Ball 1-1: Fly out, F8 (Flyball, 8LM)
|
Batting: LHB Henk van Aardschot
|
0-0: SINGLE (Flyball, 8RS)
|
Batting: RHB Bastiaan Pieterse
|
0-0: Ball 1-0: Foul Ball, location: 2F 1-1: Foul Ball, location: 2F 1-2: Reached on error, E5 (Groundball, 56) Henk van Aardschot to second
|
Batting: SHB Benedict Patel
|
0-0: Ball 1-0: Ball 2-0: Foul Ball, location: 2F 2-1: DOUBLE (Flyball, 8LXD) Henk van Aardschot scores Bastiaan Pieterse to third
|
Batting: RHB Miguel Elías
|
0-0: Called Strike 0-1: Foul Ball, location: 2F 0-2: Fly out, F9 (Flyball, 9S)
|
Batting: RHB Sébastien Bernard
|
0-0: Called Strike 0-1: Ball Wild Pitch! Bastiaan Pieterse scores Benedict Patel to third 1-1: Called Strike 1-2: Foul Ball, location: 2F 1-2: Ground out U3 (Groundball, 3)
|
Top of the 9th over - 2 runs, 2 hits, 1 error, 1 left on base; Bloomington 6 - Santa Barbara 10 |
|